ITL
MEMPHIS REDBIRDS @ INDIANA HOUNDS
07/02/2030
 
TOP OF THE 1ST
Memphis Redbirds batting - Pitching for Indiana Hounds : LHP León Hernández
Pitching: LHP León Hernández
Batting: RHB Desi Thompson 0-0: Ball
1-0: Foul Ball, location: 2F
1-1: Foul Ball, location: 2F
1-2: Ball
2-2: Strikes out swinging
Batting: SHB Javier Peña 0-0: Called Strike
0-1: Ball
1-1: Ball
2-1: Swinging Strike
2-2: Strikes out swinging
Batting: LHB Milo Powers 0-0: Called Strike
0-1: Ball
1-1: Foul Ball, location: 2F
1-2: Strikes out swinging
Top of the 1st over - 0 runs, 0 hits, 0 errors, 0 left on base; Memphis 0 - Indiana 0
BOTTOM OF THE 1ST
Indiana Hounds batting - Pitching for Memphis Redbirds : RHP Lester Williams
Pitching: RHP Lester Williams
Batting: RHB Henry Haines 0-0: Foul Ball, location: 2F
0-1: Swinging Strike
0-2: Strikes out swinging
Batting: RHB Anastasio Movonda 0-0: Ball
1-0: Fly out, F9 (Flyball, 9S)
Batting: RHB Marlon Hernández 0-0: Ball
1-0: Ball
2-0: Ball
3-0: Called Strike
3-1: Called Strike
3-2: Base on Balls
Batting: RHB Bob Lazzeri 0-0: Ball
Marlon Hernández is caught stealing 2nd base
Bottom of the 1st over - 0 runs, 0 hits, 0 errors, 0 left on base; Memphis 0 - Indiana 0
TOP OF THE 2ND
Memphis Redbirds batting - Pitching for Indiana Hounds : LHP León Hernández
Batting: RHB Will Sterling 0-0: Ball
1-0: Called Strike
1-1: Swinging Strike
1-2: Foul Ball, location: 2F
1-2: Ball
2-2: SINGLE (Groundball, 56D)
Batting: LHB Richard Hinkle 0-0: Called Strike
0-1: Ball
1-1: Called Strike
1-2: Ball
2-2: Fly out, F8 (Flyball, 8RS)
Batting: RHB Rusty Bennett 0-0: Called Strike
0-1: SINGLE (Groundball, 56D)
Will Sterling to second
Batting: LHB Al Miller 0-0: Called Strike
0-1: Called Strike
0-2: Ball
1-2: Fly out, F9 (Flyball, 89XD)
Runner from 2nd tags up, SAFE at 3rd, no throw
Batting: SHB Wayne Matthews 0-0: Foul Ball, location: 2F
0-1: Called Strike
0-2: Strikes out looking
Top of the 2nd over - 0 runs, 2 hits, 0 errors, 2 left on base; Memphis 0 - Indiana 0
BOTTOM OF THE 2ND
Indiana Hounds batting - Pitching for Memphis Redbirds : RHP Lester Williams
Batting: RHB Bob Lazzeri 0-0: Called Strike
0-1: SINGLE (Line Drive, 56D)
Batting: RHB Jeff Jones 0-0: Foul Ball, location: 2F
0-1: Foul Ball, location: 2F
0-2: Strikes out swinging
Batting: RHB Danny Walker 0-0: Foul Ball, location: 2F
0-1: Called Strike
0-2: Fly out, F8 (Flyball, 8RM)
Batting: LHB Juan Vásquez 0-0: Called Strike
0-1: Called Strike
0-2: Ball
1-2: Ball
2-2: Strikes out swinging
Bottom of the 2nd over - 0 runs, 1 hit, 0 errors, 1 left on base; Memphis 0 - Indiana 0
TOP OF THE 3RD
Memphis Redbirds batting - Pitching for Indiana Hounds : LHP León Hernández
Batting: RHB Dave Boom 0-0: Foul Ball, location: 2F
0-1: Ball
1-1: Foul Ball, location: 2F
1-2: DOUBLE (Groundball, 5L)
Batting: RHB Desi Thompson 0-0: Ball
1-0: Foul Ball, location: 2F
1-1: Foul Ball, location: 2F
1-2: Foul Ball, location: 2F
1-2: Strikes out looking
Batting: SHB Javier Peña 0-0: Foul Ball, location: 2F
0-1: Ball
1-1: Called Strike
1-2: Ball
2-2: Strikes out swinging
Batting: LHB Milo Powers 0-0: Foul Ball, location: 2F
0-1: Ball
1-1: Ball
2-1: Foul Ball, location: 2F
2-2: Ball
3-2: Strikes out swinging
Top of the 3rd over - 0 runs, 1 hit, 0 errors, 1 left on base; Memphis 0 - Indiana 0
BOTTOM OF THE 3RD
Indiana Hounds batting - Pitching for Memphis Redbirds : RHP Lester Williams
Batting: RHB Vicente Valentín 0-0: Foul Ball, location: 2F
0-1: Ball
1-1: Ball
2-1: Ball
3-1: Base on Balls
Batting: RHB Manuel Alonso 0-0: Called Strike
0-1: Swinging Strike
0-2: Fly out, F7 (Line Drive, 7)
Batting: RHB Henry Haines 0-0: Ball
1-0: Foul Ball, location: 2F
1-1: Foul Ball, location: 2F
1-2: Foul Ball, location: 2F
1-2: 2-RUN HOME RUN (Flyball, 9LD), Distance : 331 ft
Batting: RHB Anastasio Movonda 0-0: SINGLE (Line Drive, 9S)
Batting: RHB Marlon Hernández 0-0: Ball
1-0: Ball
2-0: Called Strike
2-1: Ball
3-1: Base on Balls
Anastasio Movonda to second
Batting: RHB Bob Lazzeri 0-0: Called Strike
Anastasio Movonda is caught stealing 3rd base
0-1: Foul Ball, location: 2F
0-2: Ball
1-2: Ground out 4-3 (Groundball, 4)
Bottom of the 3rd over - 2 runs, 2 hits, 0 errors, 1 left on base; Memphis 0 - Indiana 2
TOP OF THE 4TH
Memphis Redbirds batting - Pitching for Indiana Hounds : LHP León Hernández
Batting: RHB Will Sterling 0-0: Ball
1-0: Called Strike
1-1: Foul Ball, location: 2F
1-2: Ball
2-2: Strikes out swinging
Batting: LHB Richard Hinkle 0-0: Foul Ball, location: 2F
0-1: Foul Ball, location: 2F
0-2: Ball
1-2: Ball
2-2: Strikes out swinging
Batting: RHB Rusty Bennett 0-0: Called Strike
0-1: Swinging Strike
0-2: Strikes out looking
Top of the 4th over - 0 runs, 0 hits, 0 errors, 0 left on base; Memphis 0 - Indiana 2
BOTTOM OF THE 4TH
Indiana Hounds batting - Pitching for Memphis Redbirds : RHP Lester Williams
Batting: RHB Jeff Jones 0-0: Foul Ball, location: 2F
0-1: Swinging Strike
0-2: Fly out, F3 (Popup, 34)
Batting: RHB Danny Walker 0-0: Called Strike
0-1: Called Strike
0-2: Ball
1-2: Foul Ball, location: 2F
1-2: Foul Ball, location: 2F
1-2: Reached on error, E3 (Groundball, 3)
Batting: LHB Juan Vásquez 0-0: Ball
1-0: Fielders Choice at 2nd, 3-6 (Groundball, 3)
Batting: RHB Vicente Valentín 0-0: Ball
1-0: Called Strike
Juan Vásquez is caught stealing 2nd base
Bottom of the 4th over - 0 runs, 0 hits, 1 error, 0 left on base; Memphis 0 - Indiana 2
TOP OF THE 5TH
Memphis Redbirds batting - Pitching for Indiana Hounds : LHP León Hernández
Batting: LHB Al Miller 0-0: Ball
1-0: Ball
2-0: Called Strike
2-1: Fly out, F7 (Flyball, 7D)
Batting: SHB Wayne Matthews 0-0: SINGLE (Groundball, 56D)
Batting: RHB Dave Boom 0-0: Called Strike
0-1: Ball
1-1: Fielders Choice at 2nd, 4-6 (Groundball, 4M)
Batting: RHB Desi Thompson 0-0: Ball
1-0: Called Strike
1-1: Ball
2-1: Foul Ball, location: 2F
2-2: Foul Ball, location: 2F
2-2: Ball
3-2: Fly out, F7 (Flyball, 7S)
Top of the 5th over - 0 runs, 1 hit, 0 errors, 1 left on base; Memphis 0 - Indiana 2
BOTTOM OF THE 5TH
Indiana Hounds batting - Pitching for Memphis Redbirds : RHP Lester Williams
Batting: RHB Vicente Valentín 0-0: Called Strike
0-1: Ball
1-1: Ball
2-1: SINGLE (Line Drive, 7S)
Batting: RHB Manuel Alonso 0-0: TRIPLE (Flyball, 89XD)
Vicente Valentín scores
Batting: RHB Henry Haines 0-0: Intentional Walk
Batting: RHB Anastasio Movonda 0-0: Ball
1-0: Called Strike
1-1: Fly out, F4 (Line Drive, 34)
Batting: RHB Marlon Hernández 0-0: Called Strike
0-1: 3-RUN HOME RUN (Line Drive, 7LD), Distance : 326 ft
Batting: RHB Bob Lazzeri 0-0: Foul Ball, location: 2F
0-1: Ball
1-1: Ball
2-1: Foul Ball, location: 2F
2-2: Foul Ball, location: 2F
2-2: Ball
3-2: Strikes out swinging
Batting: RHB Jeff Jones 0-0: Ball
1-0: Swinging Strike
1-1: Ball
2-1: Ball
3-1: Called Strike
3-2: DOUBLE (Line Drive, 7LD)
Batting: RHB Danny Walker 0-0: Called Strike
0-1: Ball
1-1: Foul Ball, location: 2F
1-2: Strikes out looking
Bottom of the 5th over - 4 runs, 4 hits, 0 errors, 1 left on base; Memphis 0 - Indiana 6
TOP OF THE 6TH
Memphis Redbirds batting - Pitching for Indiana Hounds : LHP León Hernández
Batting: SHB Javier Peña 0-0: Ball
1-0: Fly out, F7 (Flyball, 78M)
Batting: LHB Milo Powers 0-0: Called Strike
0-1: SINGLE (Groundball, 34) (infield hit)
Batting: RHB Will Sterling 0-0: Ball
1-0: Swinging Strike
1-1: Fly out, F8 (Line Drive, 78S)
Batting: LHB Richard Hinkle 0-0: Swinging Strike
0-1: Swinging Strike
0-2: Strikes out swinging
Top of the 6th over - 0 runs, 1 hit, 0 errors, 1 left on base; Memphis 0 - Indiana 6
BOTTOM OF THE 6TH
Indiana Hounds batting - Pitching for Memphis Redbirds : RHP Lester Williams
Pitching: LHP Tony Rivera
Batting: LHB Juan Vásquez 0-0: Ball
1-0: Ball
2-0: Called Strike
2-1: Ball
3-1: Foul Ball, location: 2F
3-2: Base on Balls
Batting: RHB Vicente Valentín 0-0: Called Strike
0-1: Foul Ball, location: 2F
0-2: Foul Ball, location: 2F
0-2: Ball
1-2: 2-RUN HOME RUN (Flyball, 7D), Distance : 362 ft
Batting: RHB Manuel Alonso 0-0: Fly out, F7 (Flyball, 7)
Batting: RHB Henry Haines 0-0: Foul Ball, location: 2F
0-1: Ball
1-1: Ball
2-1: Ball
3-1: Swinging Strike
3-2: Base on Balls
Batting: RHB Anastasio Movonda 0-0: Ball
1-0: Ball
2-0: Ball
3-0: Base on Balls
Henry Haines to second
Batting: RHB Marlon Hernández 0-0: Called Strike
0-1: Ball
1-1: Foul Ball, location: 2F
1-2: Strikes out swinging
Batting: RHB Bob Lazzeri 0-0: Fly out, F5 (Popup, 25F)
Bottom of the 6th over - 2 runs, 1 hit, 0 errors, 2 left on base; Memphis 0 - Indiana 8
TOP OF THE 7TH
Memphis Redbirds batting - Pitching for Indiana Hounds : LHP León Hernández
Pitching: RHP António Encarnación
Batting: RHB Rusty Bennett 0-0: Called Strike
0-1: Swinging Strike
0-2: Ball
1-2: Ball
2-2: Strikes out looking
Batting: LHB Al Miller 0-0: Called Strike
0-1: Foul Ball, location: 2F
0-2: Ball
1-2: Foul Ball, location: 2F
1-2: Ball
2-2: Ball
3-2: Fly out, F8 (Flyball, 8RD)
Batting: SHB Wayne Matthews 0-0: Called Strike
0-1: Called Strike
0-2: Ball
1-2: Ball
2-2: Ball
3-2: Foul Ball, location: 2F
3-2: Strikes out looking
Top of the 7th over - 0 runs, 0 hits, 0 errors, 0 left on base; Memphis 0 - Indiana 8
BOTTOM OF THE 7TH
Indiana Hounds batting - Pitching for Memphis Redbirds : LHP Tony Rivera
Batting: RHB Jeff Jones 0-0: Ball
1-0: Ball
2-0: Ball
3-0: Base on Balls
Batting: RHB Danny Walker 0-0: Called Strike
0-1: Grounds into double play, 4-6-3 (Groundball, 4)
Batting: LHB Juan Vásquez 0-0: Ball
1-0: Ball
2-0: Hit by Pitch
Batting: RHB Vicente Valentín 0-0: Ball
1-0: Ball
Wild Pitch!
Juan Vásquez to second
2-0: Foul Ball, location: 2F
2-1: Ball
3-1: Foul Ball, location: 2F
3-2: Fly out, F3 (Line Drive, 34)
Bottom of the 7th over - 0 runs, 0 hits, 0 errors, 1 left on base; Memphis 0 - Indiana 8
TOP OF THE 8TH
Memphis Redbirds batting - Pitching for Indiana Hounds : RHP António Encarnación
Batting: RHB Dave Boom 0-0: Called Strike
0-1: Ball
1-1: Ball
2-1: Called Strike
2-2: Ball
3-2: Hit by Pitch
Batting: RHB Desi Thompson 0-0: Foul Ball, location: 2F
0-1: Foul Ball, location: 2F
0-2: Strikes out looking
Batting: SHB Javier Peña 0-0: Called Strike
0-1: Called Strike
0-2: Strikes out swinging
Batting: LHB Milo Powers 0-0: Ball
1-0: Foul Ball, location: 2F
1-1: Fly out, F8 (Flyball, 78XD)
Top of the 8th over - 0 runs, 0 hits, 0 errors, 1 left on base; Memphis 0 - Indiana 8
BOTTOM OF THE 8TH
Indiana Hounds batting - Pitching for Memphis Redbirds : LHP Tony Rivera
Batting: RHB Manuel Alonso 0-0: SINGLE (Groundball, 6MD)
Batting: RHB Henry Haines 0-0: Called Strike
0-1: Foul Ball, location: 2F
Pickoff Throw to First - Out!
0-2: Foul Ball, location: 2F
0-2: Foul Ball, location: 2F
0-2: Ball
1-2: Strikes out swinging
Batting: RHB Anastasio Movonda 0-0: Ball
1-0: Ball
2-0: Ball
3-0: Called Strike
3-1: Foul Ball, location: 2F
3-2: SOLO HOME RUN (Flyball, 7LD), Distance : 334 ft
Batting: RHB Marlon Hernández 0-0: Foul Ball, location: 2F
0-1: Ball
1-1: SINGLE (Groundball, 56D)
Batting: RHB Bob Lazzeri 0-0: SINGLE (Flyball, 34D)
Marlon Hernández to second
Runner from 2nd tries for 3rd, SAFE, no throw
Batting: RHB Jeff Jones 0-0: Called Strike
0-1: Called Strike
0-2: SINGLE (Line Drive, 7LM)
Marlon Hernández scores
Bob Lazzeri to second
Batting: RHB Danny Walker 0-0: Called Strike
0-1: Foul Ball, location: 2F
0-2: Foul Ball, location: 2F
0-2: 3-RUN HOME RUN (Flyball, 9LD), Distance : 312 ft
Batting: LHB Juan Vásquez 0-0: Fly out, F5 (Line Drive, 5S)
Bottom of the 8th over - 5 runs, 6 hits, 0 errors, 0 left on base; Memphis 0 - Indiana 13
TOP OF THE 9TH
Memphis Redbirds batting - Pitching for Indiana Hounds : RHP António Encarnación
Batting: RHB Will Sterling 0-0: Called Strike
0-1: Ball
1-1: Ground out 6-3 (Groundball, 6)
Batting: LHB Richard Hinkle 0-0: Ball
1-0: Ground out 4-3 (Groundball, 4)
Batting: RHB Rusty Bennett 0-0: Ball
1-0: SINGLE (Flyball, 7S)
Batting: LHB Al Miller 0-0: Ball
1-0: Foul Ball, location: 2F
1-1: Fielders Choice at 2nd, 6-4 (Groundball, 6)
Top of the 9th over - 0 runs, 1 hit, 0 errors, 1 left on base; Memphis 0 - Indiana 13
Saturday, April 7th, 2018 - OOTP Baseball 18.8 Build 76